 Dungeon Sprint DCSS version 0.17-a0-1738-g82cdc46 (webtiles) character file.

5431 cmyster the Ninja (level 10, -2/39 HPs)
             Began as a Spriggan Assassin on Aug 30, 2015.
             Was an Elder of Dithmenos.
             Slain by a centaur warrior (13 damage)
             ... in the Dungeon (Sprint I: "Red Sonja").
             The game lasted 00:10:13 (757 turns).

cmyster the Ninja (Spriggan Assassin)                Turns: 757, Time: 00:10:14

Health: -2/39      AC:  4    Str:  3      XL:     10   Next: 40%
Magic:  8/8        EV: 16    Int:  9 (10) God:    Dithmenos [****..]
Gold:   247        SH:  0    Dex: 16      Spells: 0 memorised, 9 levels left

rFire  + . .     SeeInvis +     o - +2 dagger (venom)
rCold  x . .     Rnd*Rage +     p - +1 robe {MR+}
rNeg   . . .     SustAt   .     (shield restricted)
rPois  .         Gourm    .     (helmet restricted)
rElec  .         Spirit   .     d - +0 cloak
rCorr  .         Warding  .     (gloves unavailable)
rMut   .         NoTele   +     (boots unavailable)
MR     +++..                    (no amulet)
Stlth  ++++++++++               (no ring)
                                q - ring of fire

@: wreathed by umbra, very quick, extremely resistant to hostile enchantments,
uncannily stealthy
A: unfitting armour, icy blue scales 1, see invisible, berserk 3, clumsy 2,
deformed body, deterioration 2, dopey 2, herbivore 3, speed 3, frail 3, low mp
3, magic resistance 1, screaming 3, slow metabolism 2, weak 2, subdued magic 3,
MP-powered wands
a: Shadow Step, Renounce Religion


You were in the Dungeon.
You worshipped Dithmenos.
Dithmenos was greatly pleased with you.
You were not hungry.

You visited 1 branch You collected 639 gold pieces.
You spent 392 gold pieces at shops.

Inventory:

Hand weapons
 a - a +2 dagger
 b - a +0 blowgun
 o - a +2 dagger of venom (weapon)
Missiles
 e - 8 poisoned needles
 f - 8 curare-tipped needles
Armour
 c - a +0 robe
 d - a +0 cloak (worn)
 p - a +1 robe of magic resistance (worn)
Jewellery
 q - a ring of fire (left hand)
Scrolls
 m - a scroll of blinking
Potions
 h - 2 potions of curing
 i - a potion of heal wounds
 j - a potion of haste
 k - 2 potions of magic
 l - 2 potions of berserk rage
Comestibles
 g - a bread ration


   Skills:
 + Level 8.7 Fighting
 + Level 11.5 Short Blades
 - Level 2.1 Throwing
 - Level 1.5 Dodging
 O Level 27 Stealth


You had 9 spell levels left.
You didn't know any spells.

Dungeon Overview and Level Annotations

Branches:
Dungeon (1/1)

Altars:
Cheibriados
Dithmenos
Elyvilon
Fedhas
Gozag
Kikubaaqudgha
Makhleb
Nemelex Xobeh
Okawaru
Qazlal
Ru
Sif Muna
Trog
Vehumet
Xom
Yredelemnul
Zin
The Shining One
Jiyva

Shops:
D !?}[*![


Innate Abilities, Weirdness & Mutations

You are tiny and cannot use many weapons and most armour.
You have supernaturally acute eyesight.
You are a herbivore.
You cover ground extremely quickly.
You need consume almost no food.
You are partially covered in icy blue scales (AC +1).
You have an uncontrollable temper.
You are very clumsy. (Dex -4)
Armour fits poorly on your strangely shaped body.
Your body often deteriorates upon taking damage.
You are very dopey. (Int -4)
You are extremely frail (-30% HP).
Your magical capacity is extremely low (-30% MP).
You are resistant to hostile enchantments.
You frequently scream uncontrollably at your foes.
You are very weak. (Str -4)
Your spells are much easier to cast, but much less powerful.
You expend magic power (3 MP) to strengthen your wands.


Message History

A centaur warrior comes into view.
The centaur warrior shouts! x2
The centaur warrior wields a glowing longbow.
The centaur warrior shoots an arrow.
The arrow barely misses you.
You hear a splash.
The centaur warrior wields a shortbow.
The centaur warrior shoots an arrow.
The arrow hits you!
Your body deteriorates!
You feel dopey.
You hear a splash.
You see here an arrow.
The centaur warrior unwields an uncursed shortbow.
The centaur warrior hits you!
* * * LOW HITPOINT WARNING * * *
The centaur warrior closely misses you. The centaur warrior closely misses you.
You hit the centaur warrior but do no damage.
The centaur warrior is poisoned.
The centaur warrior barely misses you.
You hit the centaur warrior but do no damage.
The centaur warrior looks even sicker.
The centaur warrior hits you!
You die...

######################
.)'..#.)'..#__#..'..)#
..#.)'..#..'..'..#.).#
####'#####'#__####...+
###..#...#.####§$#####
__####..##)#(§≈§c#
_..__##'#§.'§§§§@+
_.∩...'..._#≈§§§c#
_..._##_.#'##+####
_____###'#(#(...###
########.####'###.##
......'...'.....'[∩#
'''####.).##########
....####.## .....# #+#


You could see 2 centaur warriors.

Vanquished Creatures
  Sonja (D)
  A deep troll (D)
  8 shining eyes (D)
  2 kobold demonologists (D)
  A slime creature (D)
  A yak (D)
  Sigmund (D)
  An ogre (D)
  A jelly (D)
  Ijyb (D)
  5 giant eyeballs (D)
23 creatures vanquished.

Vanquished Creatures (others)
  A siren (D)
  A wasp (D)
2 creatures vanquished.

Grand Total: 25 creatures vanquished

Notes
Turn   | Place    | Note
--------------------------------------------------------------
     0 | D        | cmyster the Spriggan Assassin began the quest for the Orb.
     0 | D        | Reached XP level 1. HP: 10/10 MP: 2/2
     2 | D        | Noticed Ijyb
     6 | D        | Killed Ijyb
     6 | D        | Reached skill level 10 in Stealth
     6 | D        | Reached XP level 2. HP: 13/15 MP: 3/3
     9 | D        | Noticed an ogre
    13 | D        | Killed an ogre
    13 | D        | Reached skill level 13 in Stealth
    13 | D        | Reached XP level 3. HP: 15/19 MP: 4/4
    13 | D        | Reached XP level 4. HP: 18/23 MP: 5/5
    24 | D        | Noticed Sigmund
    28 | D        | Killed Sigmund
    28 | D        | Reached skill level 16 in Stealth
    28 | D        | Reached XP level 5. HP: 21/28 MP: 6/6
    28 | D        | Reached XP level 6. HP: 24/32 MP: 7/7
    41 | D        | Found a deep blue altar of Sif Muna.
    42 | D        | Found a snail-covered altar of Cheibriados.
    42 | D        | Found a viscous altar of Jiyva.
    42 | D        | Found a shadowy altar of Dithmenos.
    42 | D        | Found a blossoming altar of Fedhas.
    42 | D        | Noticed a slime creature
    43 | D        | Noticed a jelly
    45 | D        | Killed a slime creature
    45 | D        | Reached skill level 5 in Short Blades
    45 | D        | Reached skill level 19 in Stealth
    49 | D        | Found a radiant altar of Vehumet.
    55 | D        | Killed a jelly
    72 | D        | Became a worshipper of Dithmenos the Shadowed
   103 | D        | Found Husol's Armour Emporium.
   103 | D        | Found a white marble altar of Elyvilon.
   103 | D        | Found a stormy altar of Qazlal.
   103 | D        | Found a burning altar of Makhleb.
   103 | D        | Found a sacrificial altar of Ru.
   103 | D        | Found a basalt altar of Yredelemnul.
   103 | D        | Found a glowing golden altar of the Shining One.
   103 | D        | Found a sparkling altar of Nemelex Xobeh.
   103 | D        | Found a shimmering altar of Xom.
   103 | D        | Found an opulent altar of Gozag.
   103 | D        | Found an ancient bone altar of Kikubaaqudgha.
   103 | D        | Found a glowing silver altar of Zin.
   103 | D        | Noticed a yak
   104 | D        | Found an iron altar of Okawaru.
   105 | D        | Killed a yak
   105 | D        | Reached skill level 20 in Stealth
   105 | D        | Reached XP level 7. HP: 32/38 MP: 8/8
   106 | D        | Found a bloodstained altar of Trog.
   117 | D        | Noticed Sonja
   121 | D        | Killed Sonja
   121 | D        | Reached skill level 5 in Fighting
   121 | D        | Reached skill level 22 in Stealth
   121 | D        | Reached XP level 8. HP: 36/43 MP: 9/9
   141 | D        | Found Byafo's Distillery.
   149 | D        | Bought a potion of mutation for 35 gold pieces
   149 | D        | Gained mutation: You heal slowly when monsters are visible. [potion of mutation]
   149 | D        | Gained mutation: You are resistant to hostile enchantments. [potion of mutation]
   149 | D        | Gained mutation: You are partially covered in icy blue scales (AC +1). [potion of mutation]
   164 | D        | Noticed a shining eye
   164 | D        | Noticed a shining eye
   164 | D        | Noticed a shining eye
   164 | D        | Noticed a shining eye
   164 | D        | Noticed a shining eye
   164 | D        | Noticed a shining eye
   166 | D        | Noticed a shining eye
   166 | D        | Noticed a shining eye
   174 | D        | Gained mutation: You are weak. (Str -2) [a shining eye]
   175 | D        | Paralysed by a giant eyeball for 4 turns
   176 | D        | Gained mutation: Your magical capacity is low (-10% MP). [a shining eye]
   182 | D        | Lost mutation: You heal slowly when monsters are visible. [a shining eye]
   184 | D        | Paralysed by a giant eyeball for 4 turns
   184 | D        | Gained mutation: You are clumsy. (Dex -2) [a shining eye]
   185 | D        | Gained mutation: You are very clumsy. (Dex -4) [a shining eye]
   185 | D        | Gained mutation: Armour fits poorly on your strangely shaped body. [a shining eye]
   186 | D        | Gained mutation: You heal slowly when monsters are visible. [a shining eye]
   188 | D        | Gained mutation: You are very weak. (Str -4) [a shining eye]
   190 | D        | Gained mutation: You are frail (-10% HP). [a shining eye]
   192 | D        | Gained mutation: Your spells are a little easier to cast, but a little less powerful. [a shining eye]
   194 | D        | Gained mutation: Your body sometimes deteriorates upon taking damage. [a shining eye]
   196 | D        | Gained mutation: You are very frail (-20% HP). [a shining eye]
   196 | D        | Lost mutation: You heal slowly when monsters are visible. [a shining eye]
   203 | D        | Gained mutation: Your mind is acute. (Int +2) [a shining eye]
   205 | D        | Gained mutation: You are extremely frail (-30% HP). [a shining eye]
   206 | D        | Killed a shining eye
   206 | D        | Acquired Dithmenos's first power
   206 | D        | Reached skill level 23 in Stealth
   206 | D        | Gained mutation: You expend magic power (3 MP) to strengthen your wands. [a shining eye]
   207 | D        | Gained mutation: Potions and wands are less effective at restoring your health. [a shining eye]
   210 | D        | Gained mutation: Your body often deteriorates upon taking damage. [a shining eye]
   214 | D        | Gained mutation: You tend to lose your temper in combat. [a shining eye]
   216 | D        | Lost mutation: Your mind is acute. (Int +2) [a shining eye]
   217 | D        | Gained mutation: Your magical capacity is very low (-20% MP). [a shining eye]
   219 | D        | Gained mutation: You often lose your temper in combat. [a shining eye]
   220 | D        | Gained mutation: You have an uncontrollable temper. [a shining eye]
   221 | D        | Gained mutation: Your magical capacity is extremely low (-30% MP). [a shining eye]
   221 | D        | Lost mutation: You are extremely frail (-30% HP). [a shining eye]
   223 | D        | Lost mutation: Potions and wands are less effective at restoring your health. [a shining eye]
   225 | D        | Gained mutation: You are dopey. (Int -2) [a shining eye]
   228 | D        | Gained mutation: You heal slowly when monsters are visible. [a shining eye]
   231 | D        | Killed a shining eye
   231 | D        | Reached skill level 24 in Stealth
   231 | D        | Reached XP level 9. HP: 38/38 MP: 7/7
   231 | D        | Gained mutation: You are very dopey. (Int -4) [a shining eye]
   231 | D        | Lost mutation: You are very clumsy. (Dex -4) [a shining eye]
   234 | D        | Gained mutation: You are very clumsy. (Dex -4) [a shining eye]
   238 | D        | Killed a shining eye
   238 | D        | Reached skill level 25 in Stealth
   247 | D        | Gained mutation: You occasionally shout uncontrollably at your foes. [a shining eye]
   247 | D        | Paralysed by a giant eyeball for 4 turns
   249 | D        | Lost mutation: You heal slowly when monsters are visible. [a shining eye]
   249 | D        | Gained mutation: You are extremely frail (-30% HP). [a shining eye]
   251 | D        | Killed a shining eye
   255 | D        | Gained mutation: Your spells are easier to cast, but less powerful. [a shining eye]
   257 | D        | Killed a shining eye
   257 | D        | Acquired Dithmenos's second power
   257 | D        | Reached skill level 26 in Stealth
   257 | D        | Gained mutation: You sometimes yell uncontrollably at your foes. [a shining eye]
   258 | D        | Killed a shining eye
   262 | D        | Gained mutation: Potions and wands are less effective at restoring your health. [a shining eye]
   264 | D        | Paralysed by a giant eyeball for 4 turns
   267 | D        | Gained mutation: Your spells are much easier to cast, but much less powerful. [a shining eye]
   267 | D        | Gained mutation: You frequently scream uncontrollably at your foes. [a shining eye]
   270 | D        | Lost mutation: Potions and wands are less effective at restoring your health. [a shining eye]
   274 | D        | Gained mutation: Potions and wands are less effective at restoring your health. [a shining eye]
   275 | D        | Lost mutation: Potions and wands are less effective at restoring your health. [a shining eye]
   276 | D        | Killed a shining eye
   276 | D        | Reached skill level 27 in Stealth
   276 | D        | Reached XP level 10. HP: 36/38 MP: 8/8
   284 | D        | Killed a shining eye
   284 | D        | Acquired Dithmenos's third power
   284 | D        | Reached skill level 10 in Short Blades
   408 | D        | Found Fuhoag Foa's Magic Scroll Shoppe.
   408 | D        | Found Tulefy's General Store.
   408 | D        | Found Qumicup's Gadget Emporium.
   408 | D        | Found Osche's Distillery.
   414 | D        | Bought a scroll of enchant weapon for 90 gold pieces
   414 | D        | Bought a scroll of enchant weapon for 90 gold pieces
   427 | D        | Bought a +1 robe of magic resistance for 177 gold pieces
   559 | D        | Noticed a deep troll
   563 | D        | Killed a deep troll
   592 | D        | Noticed a centaur warrior
   597 | D        | Found Okhlyotwowk's Armour Emporium.
   642 | D        | Noticed a kobold demonologist
   643 | D        | Noticed a kobold demonologist
   646 | D        | Killed a kobold demonologist
   662 | D        | Killed a kobold demonologist
   684 | D        | Killed a wasp
   748 | D        | Killed a siren
   753 | D        | Noticed a centaur warrior
   757 | D        | Slain by a centaur warrior

Vault maps used:
D:        dungeon_sprint_1

Action                   |  1- 3 |  4- 6 |  7- 9 | 10-12 || total
-------------------------+-------+-------+-------+-------++-------
Melee: Dagger            |     2 |     4 |    85 |    28 ||   119
  Use: Potion            |       |       |     1 |     1 ||     2
       Scroll            |       |       |       |     2 ||     2
 Stab: Sleeping          |     2 |     4 |     3 |     3 ||    12
